MLB
PITTSBURGH PIRATES @ ST. LOUIS CARDINALS
09/17/2049
 
TOP OF THE 1ST
Pittsburgh Pirates batting - Pitching for St. Louis Cardinals : RHP Jaylin Green
Pitching: RHP Jaylin Green
Batting: LHB Jordan de Jesus 0-0: Called Strike
0-1: Foul Ball, location: 2F
0-2: Ball
1-2: Ball
2-2: Ball
3-2: Base on Balls
Batting: RHB Chiel Palstermans 0-0: Foul Ball, location: 2F
0-1: Swinging Strike
0-2: Grounds into double play, 5-4-3 (Groundball, 56S, EV 85.0 MPH)
Batting: LHB Brad Pepin 0-0: Called Strike
0-1: Ground out 3-1 (Groundball, 34, EV 106.9 MPH)
Top of the 1st over - 0 runs, 0 hits, 0 errors, 0 left on base; Pittsburgh 0 - St. Louis 0
BOTTOM OF THE 1ST
St. Louis Cardinals batting - Pitching for Pittsburgh Pirates : RHP Don Boudreau
Pitching: RHP Don Boudreau
Batting: RHB Mike Bates 0-0: Fly out, F9 (Flyball, 9S, EV 86.2 MPH)
Batting: LHB Pat Sutton 0-0: Swinging Strike
0-1: SINGLE (Line Drive, 9S, EV 92.5 MPH)
Batting: SHB Harry Hoop 0-0: SINGLE (Line Drive, 4D, EV 104.4 MPH)
Pat Sutton to second
Batting: LHB Billy Guzman 0-0: Ball
1-0: Ball
2-0: Ball
3-0: Called Strike
3-1: Called Strike
3-2: Base on Balls
Pat Sutton to third
Harry Hoop to second
Batting: SHB Antoine Roux 0-0: Ball
1-0: Swinging Strike
1-1: Called Strike
1-2: Strikes out swinging
Batting: RHB Micah Christopher 0-0: SINGLE (Groundball, 4D, EV 93.8 MPH)
Pat Sutton scores
Harry Hoop to third
Billy Guzman to second
Runner from 3rd tries for Home, SAFE, throw by CF to home
Batting: LHB Ichiro Toyota 0-0: Ball
1-0: Ball
2-0: Foul Ball, location: 2F
2-1: Foul Ball, location: 2F
2-2: Foul Ball, location: 2F
2-2: Foul Ball, location: 2F
2-2: Ball
3-2: Strikes out swinging
Bottom of the 1st over - 2 runs, 3 hits, 0 errors, 2 left on base; Pittsburgh 0 - St. Louis 2
TOP OF THE 2ND
Pittsburgh Pirates batting - Pitching for St. Louis Cardinals : RHP Jaylin Green
Batting: LHB Nick Rooney 0-0: Called Strike
0-1: Called Strike
0-2: SINGLE (Flyball, 9LS, EV 94.4 MPH)
Batting: RHB David Contreras 0-0: Called Strike
0-1: Fly out, F9 (Flyball, 9, EV 85.0 MPH)
Batting: LHB Micah Boshnjaku 0-0: Ball
Nick Rooney is caught stealing 2nd base 2-6
1-0: Called Strike
1-1: Ball
2-1: Ball
3-1: Base on Balls
Batting: SHB Jack Andrews 0-0: Called Strike
Micah Boshnjaku steals 2nd base (no throw)
0-1: Foul Ball, location: 2F
0-2: Strikes out looking
Top of the 2nd over - 0 runs, 1 hit, 0 errors, 1 left on base; Pittsburgh 0 - St. Louis 2
BOTTOM OF THE 2ND
St. Louis Cardinals batting - Pitching for Pittsburgh Pirates : RHP Don Boudreau
Batting: RHB Danny Gallo 0-0: Ball
1-0: Ball
2-0: Foul Ball, location: 2F
2-1: Fly out, F9 (Flyball, 9LD, EV 91.2 MPH)
Batting: SHB Chris Blue 0-0: Ball
1-0: Fly out, F8 (Flyball, 8RXD, EV 100.0 MPH)
Batting: RHB Mike Bates 0-0: Ball
1-0: Ball
2-0: Foul Ball, location: 2F
2-1: Foul Ball, location: 2F
2-2: Strikes out looking
Bottom of the 2nd over - 0 runs, 0 hits, 0 errors, 0 left on base; Pittsburgh 0 - St. Louis 2
TOP OF THE 3RD
Pittsburgh Pirates batting - Pitching for St. Louis Cardinals : RHP Jaylin Green
Batting: LHB Xavier Pittman 0-0: Foul Ball, location: 2F
0-1: Ball
1-1: Ball
2-1: Foul Ball, location: 2F
2-2: SINGLE (Groundball, 4MD, EV 103.1 MPH)
Batting: SHB Brad Day 0-0: Foul Ball, location: 2F
0-1: Ball
Xavier Pittman steals 2nd base
1-1: Ball
2-1: Ball
3-1: SINGLE (Groundball, 34D, EV 108.1 MPH)
Xavier Pittman to third
Batting: LHB Jordan de Jesus 0-0: Ball
1-0: Foul Ball, location: 2F
1-1: Foul Ball, location: 2F
1-2: Foul Ball, location: 2F
1-2: Ball
2-2: SINGLE (Groundball, 34, EV 88.8 MPH) (infield hit)
Xavier Pittman scores
Brad Day to second
Batting: RHB Chiel Palstermans 0-0: Swinging Strike
0-1: Ball
1-1: Ball
2-1: Ball
3-1: Called Strike
3-2: Fly out, F7 (Flyball, 7, EV 93.1 MPH)
Runner from 2nd tags up, OUT at 3rd! 7-5
Batting: LHB Brad Pepin 0-0: Ball
1-0: Called Strike
1-1: Called Strike
1-2: Foul Ball, location: 2F
1-2: Foul Ball, location: 2F
1-2: Ball
2-2: Ball
3-2: Base on Balls
Jordan de Jesus to second
Batting: LHB Nick Rooney 0-0: Foul Ball, location: 2F
0-1: Called Strike
0-2: Strikes out looking
Top of the 3rd over - 1 run, 3 hits, 0 errors, 2 left on base; Pittsburgh 1 - St. Louis 2
BOTTOM OF THE 3RD
St. Louis Cardinals batting - Pitching for Pittsburgh Pirates : RHP Don Boudreau
Batting: LHB Pat Sutton 0-0: Called Strike
0-1: DOUBLE (Line Drive, 78M, EV 94.4 MPH)
Batting: SHB Harry Hoop 0-0: Ball
1-0: Ball
2-0: Ball
3-0: Called Strike
3-1: Called Strike
3-2: DOUBLE (Flyball, 78D, EV 110.0 MPH)
Pat Sutton scores
Batting: LHB Billy Guzman 0-0: Called Strike
0-1: Ball
1-1: Ball
2-1: Foul Ball, location: 2F
2-2: Foul Ball, location: 2F
2-2: Ball
3-2: Foul Ball, location: 2F
3-2: Base on Balls
Batting: SHB Antoine Roux 0-0: Ball
1-0: Foul Ball, location: 2F
1-1: Ball
2-1: Ball
3-1: Base on Balls
Harry Hoop to third
Billy Guzman to second
Batting: RHB Micah Christopher 0-0: Ball
1-0: Ball
2-0: Called Strike
2-1: Fly out, F7 (Flyball, 7LMF, EV 93.8 MPH)
Runner from 3rd tags up, SCORES, no throw by LF
Batting: LHB Ichiro Toyota 0-0: Ball
1-0: Ball
2-0: Ball
3-0: Fly out, F8 (Flyball, 8RXD, EV 92.5 MPH)
Runner from 2nd tags up, SAFE at 3rd, no throw by CF
Batting: RHB Danny Gallo 0-0: Called Strike
0-1: Called Strike
0-2: Foul Ball, location: 2F
0-2: Strikes out looking
Bottom of the 3rd over - 2 runs, 2 hits, 0 errors, 2 left on base; Pittsburgh 1 - St. Louis 4
TOP OF THE 4TH
Pittsburgh Pirates batting - Pitching for St. Louis Cardinals : RHP Jaylin Green
Batting: RHB David Contreras 0-0: Foul Ball, location: 2F
0-1: Ground out 4-3 (Groundball, 4M, EV 98.8 MPH)
Batting: LHB Micah Boshnjaku 0-0: Ball
1-0: Ball
2-0: Ball
3-0: Called Strike
3-1: Fly out, F7 (Flyball, 7LSF, EV 95.6 MPH)
Batting: SHB Jack Andrews 0-0: Fly out, F4 (Flyball, 4MD, EV 83.1 MPH)
Top of the 4th over - 0 runs, 0 hits, 0 errors, 0 left on base; Pittsburgh 1 - St. Louis 4
BOTTOM OF THE 4TH
St. Louis Cardinals batting - Pitching for Pittsburgh Pirates : RHP Don Boudreau
Batting: SHB Chris Blue 0-0: Swinging Strike
0-1: Ball
1-1: Ball
2-1: Swinging Strike
2-2: Fly out, F8 (Line Drive, 8RD, EV 87.5 MPH)
Batting: RHB Mike Bates 0-0: Swinging Strike
0-1: Ground out 5-3 (Groundball, 56D, EV 86.2 MPH)
Batting: LHB Pat Sutton 0-0: Called Strike
0-1: Called Strike
0-2: Ball
1-2: Foul Ball, location: 2F
1-2: Foul Ball, location: 2F
1-2: Ground out 5-3 (Groundball, 6, EV 90.6 MPH)
Bottom of the 4th over - 0 runs, 0 hits, 0 errors, 0 left on base; Pittsburgh 1 - St. Louis 4
TOP OF THE 5TH
Pittsburgh Pirates batting - Pitching for St. Louis Cardinals : RHP Jaylin Green
Batting: LHB Xavier Pittman 0-0: Called Strike
0-1: Ball
1-1: Swinging Strike
1-2: Ground out 5-3 (Groundball, 5S, EV 79.4 MPH)
Batting: SHB Brad Day 0-0: Swinging Strike
0-1: Swinging Strike
0-2: Ball
1-2: Foul Ball, location: 2F
1-2: Strikes out swinging
Batting: LHB Jordan de Jesus 0-0: Ball
1-0: Called Strike
1-1: Foul Ball, location: 2F
1-2: Strikes out looking
Top of the 5th over - 0 runs, 0 hits, 0 errors, 0 left on base; Pittsburgh 1 - St. Louis 4
BOTTOM OF THE 5TH
St. Louis Cardinals batting - Pitching for Pittsburgh Pirates : RHP Don Boudreau
Batting: SHB Harry Hoop 0-0: Ball
1-0: Called Strike
1-1: Swinging Strike
1-2: SINGLE (Groundball, 4M, EV 104.4 MPH) (infield hit)
Batting: LHB Billy Guzman 0-0: Called Strike
Harry Hoop is caught stealing 2nd base 2-6
0-1: Ball
1-1: Ball
2-1: Swinging Strike
2-2: Ball
3-2: SINGLE (Line Drive, 9S, EV 109.4 MPH)
Batting: SHB Antoine Roux 0-0: Ball
1-0: Foul Ball, location: 2F
1-1: Ball
2-1: Ball
3-1: Foul Ball, location: 2F
3-2: Base on Balls
Billy Guzman to second
Batting: RHB Micah Christopher 0-0: Ball
1-0: Foul Ball, location: 2F
1-1: Fly out, F8 (Flyball, 89M, EV 89.4 MPH)
Batting: LHB Ichiro Toyota 0-0: Called Strike
0-1: Called Strike
0-2: Ball
1-2: Ball
2-2: Strikes out swinging
Bottom of the 5th over - 0 runs, 2 hits, 0 errors, 2 left on base; Pittsburgh 1 - St. Louis 4
TOP OF THE 6TH
Pittsburgh Pirates batting - Pitching for St. Louis Cardinals : RHP Jaylin Green
Batting: RHB Chiel Palstermans 0-0: Ball
1-0: Called Strike
1-1: Ball
2-1: Swinging Strike
2-2: Strikes out swinging
Batting: LHB Brad Pepin 0-0: Ball
1-0: Ball
2-0: Called Strike
2-1: Fly out, F8 (Flyball, 8RS, EV 85.0 MPH)
Batting: LHB Nick Rooney 0-0: Ball
1-0: Called Strike
1-1: SOLO HOME RUN (Flyball, 9D, EV 95.0 MPH), Distance : 367 ft
Batting: RHB David Contreras 0-0: SINGLE (Line Drive, 6MD, EV 95.0 MPH)
Batting: LHB Micah Boshnjaku 0-0: Called Strike
0-1: Ball
1-1: Called Strike
1-2: Foul Ball, location: 2F
1-2: Fly out, F7 (Flyball, 78D, EV 88.8 MPH)
Top of the 6th over - 1 run, 2 hits, 0 errors, 1 left on base; Pittsburgh 2 - St. Louis 4
BOTTOM OF THE 6TH
St. Louis Cardinals batting - Pitching for Pittsburgh Pirates : RHP Don Boudreau
Pitching: RHP Josh Ambrose
Batting: RHB Danny Gallo 0-0: Ball
1-0: Foul Ball, location: 2F
1-1: Fly out, F9 (Flyball, 9, EV 86.2 MPH)
Batting: SHB Chris Blue 0-0: DOUBLE (Line Drive, 78XD, EV 105.0 MPH)
Batting: RHB Mike Bates 0-0: Ball
1-0: Ball
2-0: Ball
3-0: Called Strike
3-1: Foul Ball, location: 2F
3-2: Foul Ball, location: 2F
3-2: TRIPLE (Flyball, 7D, EV 96.9 MPH)
Chris Blue scores
Batting: LHB Pat Sutton 0-0: Foul Ball, location: 2F
0-1: Called Strike
0-2: SINGLE (Groundball, 4, EV 97.5 MPH)
Mike Bates scores
Batting: SHB Harry Hoop 0-0: Called Strike
0-1: Foul Ball, location: 2F
0-2: Strikes out swinging
Batting: LHB Billy Guzman 0-0: Ball
1-0: Called Strike
1-1: Foul Ball, location: 2F
1-2: Ball
2-2: Strikes out swinging
Bottom of the 6th over - 2 runs, 3 hits, 0 errors, 1 left on base; Pittsburgh 2 - St. Louis 6
TOP OF THE 7TH
Pittsburgh Pirates batting - Pitching for St. Louis Cardinals : RHP Jaylin Green
Batting: SHB Jack Andrews 0-0: Called Strike
0-1: Ball
1-1: Foul Ball, location: 2F
1-2: Ball
2-2: Ball
3-2: Foul Ball, location: 2F
3-2: Ground out U3 (Groundball, 34, EV 86.2 MPH)
Pitching: RHP Casey Cogdill
Batting: LHB Xavier Pittman 0-0: Ball
1-0: Foul Ball, location: 2F
1-1: Ball
2-1: SINGLE (Line Drive, 34D, EV 100.0 MPH)
Batting: SHB Brad Day 0-0: Ball
1-0: Called Strike
Xavier Pittman steals 2nd base
1-1: Swinging Strike
1-2: DOUBLE (Line Drive, 9LM, EV 98.1 MPH)
Xavier Pittman scores
Batting: LHB Jordan de Jesus 0-0: Called Strike
0-1: Swinging Strike
0-2: Ball
1-2: Ball
2-2: Ball
3-2: Foul Ball, location: 2F
3-2: SINGLE (Line Drive, 7S, EV 109.4 MPH)
Brad Day to third
Runner from 3rd tries for Home, SAFE, throw by LF to home
Batting: RHB Chiel Palstermans 0-0: Called Strike
0-1: Ball
1-1: Called Strike
1-2: Strikes out swinging
Batting: LHB Brad Pepin 0-0: Ball
1-0: Ball
2-0: Ball
3-0: Base on Balls
Jordan de Jesus to second
Batting: LHB Nick Rooney 0-0: Ball
1-0: 3-RUN HOME RUN (Line Drive, 9D, EV 100.0 MPH), Distance : 377 ft
Pitching: LHP Danny Rivera
Batting: RHB David Contreras 0-0: Called Strike
0-1: Ball
1-1: Swinging Strike
1-2: Ball
2-2: Ball
3-2: Base on Balls
Batting: LHB Micah Boshnjaku 0-0: Foul Ball, location: 2F
0-1: Ball
1-1: Ball
2-1: Fly out, F4 (Line Drive, 3, EV 69.4 MPH)
Top of the 7th over - 5 runs, 4 hits, 0 errors, 1 left on base; Pittsburgh 7 - St. Louis 6
BOTTOM OF THE 7TH
St. Louis Cardinals batting - Pitching for Pittsburgh Pirates : RHP Josh Ambrose
Batting: SHB Antoine Roux 0-0: Called Strike
0-1: Foul Ball, location: 2F
0-2: Ball
1-2: Foul Ball, location: 2F
1-2: Strikes out looking
Batting: RHB Micah Christopher 0-0: Ball
1-0: Ball
2-0: Ball
3-0: Base on Balls
Batting: LHB Ichiro Toyota 0-0: Foul Ball, location: 2F
0-1: Ball
1-1: Called Strike
1-2: Foul Ball, location: 2F
1-2: Strikes out swinging
Batting: RHB Danny Gallo 0-0: SINGLE (Groundball, 6MD, EV 96.9 MPH)
Micah Christopher to second
Batting: SHB Chris Blue 0-0: Called Strike
0-1: Foul Ball, location: 2F
0-2: Ball
1-2: Ball
2-2: Strikes out swinging
Bottom of the 7th over - 0 runs, 1 hit, 0 errors, 2 left on base; Pittsburgh 7 - St. Louis 6
TOP OF THE 8TH
Pittsburgh Pirates batting - Pitching for St. Louis Cardinals : LHP Danny Rivera
Batting: SHB Jack Andrews 0-0: Called Strike
0-1: Ball
1-1: Called Strike
1-2: Fly out, F5 (Line Drive, 5L, EV 69.4 MPH)
Batting: LHB Xavier Pittman 0-0: Called Strike
0-1: Ball
1-1: Ground out 6-3 (Groundball, 6, EV 81.9 MPH)
Batting: SHB Brad Day 0-0: Ball
1-0: Swinging Strike
1-1: Called Strike
1-2: Foul Ball, location: 2F
1-2: Ground out 4-3 (Groundball, 4, EV 81.2 MPH)
Top of the 8th over - 0 runs, 0 hits, 0 errors, 0 left on base; Pittsburgh 7 - St. Louis 6
BOTTOM OF THE 8TH
St. Louis Cardinals batting - Pitching for Pittsburgh Pirates : RHP Josh Ambrose
Pitching: LHP Jimmy Vanthournoutingtonle
Batting: RHB Mike Bates 0-0: Foul Ball, location: 2F
0-1: Fly out, F5 (Line Drive, 56, EV 68.8 MPH)
Pinch Hitting: SHB Jason Kirby 0-0: Ball
1-0: Foul Ball, location: 2F
1-1: Called Strike
1-2: SINGLE (Line Drive, 78D, EV 105.6 MPH)
Batting: SHB Harry Hoop 0-0: Ball
1-0: Ball
2-0: Called Strike
2-1: Foul Ball, location: 2F
2-2: Strikes out looking
Batting: LHB Billy Guzman 0-0: Ball
1-0: Swinging Strike
1-1: Ball
2-1: Called Strike
2-2: Ball
3-2: Strikes out swinging
Bottom of the 8th over - 0 runs, 1 hit, 0 errors, 1 left on base; Pittsburgh 7 - St. Louis 6
TOP OF THE 9TH
Pittsburgh Pirates batting - Pitching for St. Louis Cardinals : LHP Danny Rivera
Pitching: RHP Mike Pemble
Now in LF: Jason Kirby
Batting: LHB Jordan de Jesus 0-0: DOUBLE (Groundball, 5D, EV 109.4 MPH)
Batting: RHB Chiel Palstermans 0-0: Foul Ball, location: 2F
0-1: Bunted foul
0-2: 2-RUN HOME RUN (Flyball, 7D, EV 92.5 MPH), Distance : 364 ft
Batting: LHB Brad Pepin 0-0: Called Strike
0-1: Ball
1-1: Ball
2-1: Ball
3-1: Base on Balls
Batting: LHB Nick Rooney 0-0: Called Strike
0-1: Ball
1-1: Called Strike
1-2: Foul Ball, location: 2F
1-2: Strikes out swinging
Batting: RHB David Contreras 0-0: Swinging Strike
0-1: Called Strike
0-2: Strikes out looking
Batting: LHB Micah Boshnjaku 0-0: Called Strike
Brad Pepin steals 2nd base
0-1: Ball
1-1: Intentional Walk
Batting: SHB Jack Andrews 0-0: Foul Ball, location: 2F
0-1: Called Strike
0-2: Foul Ball, location: 2F
0-2: Ball
1-2: 3-RUN HOME RUN (Flyball, 7D, EV 94.4 MPH), Distance : 369 ft
Pitching: RHP Danny Cook
Batting: LHB Xavier Pittman 0-0: Ball
1-0: Ball
2-0: Ground out 4-3 (Groundball, 4M, EV 90.0 MPH)
Top of the 9th over - 5 runs, 3 hits, 0 errors, 0 left on base; Pittsburgh 12 - St. Louis 6
BOTTOM OF THE 9TH
St. Louis Cardinals batting - Pitching for Pittsburgh Pirates : LHP Jimmy Vanthournoutingtonle
Batting: SHB Antoine Roux 0-0: Ball
1-0: Called Strike
1-1: Ground out 6-3 (Groundball, 6, EV 87.5 MPH)
Batting: RHB Micah Christopher 0-0: Ball
1-0: Called Strike
1-1: Ground out 5-3 (Groundball, 56, EV 87.5 MPH)
Batting: LHB Ichiro Toyota 0-0: Called Strike
0-1: Foul Ball, location: 2F
0-2: Strikes out looking
Bottom of the 9th over - 0 runs, 0 hits, 0 errors, 0 left on base; Pittsburgh 12 - St. Louis 6
Sunday, July 16th , 2023 - OOTP Baseball 24.6 Build 69